 Dungeon Crawl Stone Soup version 0.29-a0-517-gbdf32494f2 (webtiles) character file.

Game seed: 5659693068510757002

27 chopper the Skirmisher (level 3, -4/29 HPs)
             Began as a Human Cinder Acolyte on May 31, 2022.
             Was a High Priest of Ignis.
             Slain by Terence
             ... wielding a +0 mace
              (6 damage)
             ... on level 2 of the Dungeon.
             The game lasted 00:07:34 (1100 turns).

chopper the Skirmisher (Human Cinder Acolyte)       Turns: 1100, Time: 00:07:34

Health: -4/29      AC:  2    Str: 16    XL:     3   Next: 25%
Magic:  4/4        EV: 11    Int: 14    God:    Ignis [*****.]
Gold:   101        SH:  0    Dex:  8    Spells: 2/4 levels left

rFire   + . .      SeeInvis .   a - -1 hand axe (flame)
rCold   . . .      Faith    .   (no shield)
rNeg    . . .      Spirit   .   b - +0 robe
rPois   .          Reflect  .   (no helmet)
rElec   .          Harm     .   (no cloak)
rCorr   .          Rampage  .   (no gloves)
Will    +....                   (no boots)
Stlth   +.........              (no amulet)
HPRegen 0.09/turn               f - ring of willpower
MPRegen 0.09/turn               (no ring)

@: no status effects
A: passive freeze
a: Renounce Religion, Fiery Armour, Foxfire Swarm, Rising Flame


You were on level 2 of the Dungeon.
You worshipped Ignis.
Ignis was extremely pleased with you.
You visited 1 branch of the dungeon, and saw 2 of its levels.

You collected 101 gold pieces.

Inventory:

Hand Weapons
 a - a -1 hand axe of flaming (weapon)
Armour
 b - a +0 robe (worn)
 d - a +0 scale mail of fire resistance
Jewellery
 f - a ring of willpower (left hand)
Scrolls
 h - a scroll of vulnerability


   Skills:
 + Level 3.5 Fighting
 + Level 3.4 Axes
 + Level 0.5 Dodging
 + Level 1.0 Spellcasting
 + Level 3.2 Fire Magic


You had 2 spell levels left.
You knew the following spells:

 Your Spells              Type           Power      Damage    Failure   Level
a - Scorch                Fire           18%        2d6       11%         2

Your spell library contained the following spells:

 Spells                   Type           Power      Damage    Failure   Level
 Beastly Appendage        Tmut           0%         N/A       26%         1
 Sting                    Tmut/Pois      0%         1d3       26%         1
 Wereblood                Tmut           0%         N/A       36%         2
 Conjure Flame            Conj/Fire      5%         6-21      38%         3
 Spider Form              Tmut/Pois      0%         N/A       61%         3
 Eringya's Noxious Bog    Tmut/Pois      0%         N/A       100%        6


Dungeon Overview and Level Annotations

Branches:
Dungeon (2/15)

Altars:

Annotations:
D:2 Terence


Innate Abilities, Weirdness & Mutations

A frigid envelope surrounds you and freezes all who hurt you.


Message History

Terence is moderately wounded.
Terence's fire resistance burns away.
You hear a shout!
Terence hits you with a +0 mace.
You hit Terence. You burn Terence.
Terence is heavily wounded.
Terence hits you with a +0 mace!
You closely miss Terence.
Terence is heavily wounded.
Terence is no longer more vulnerable to fire.
Terence misses you.
You barely miss Terence.
Terence is heavily wounded.
Terence hits you with a +0 mace.
You don't have enough magic to cast this spell.
Unknown command.
You don't have enough magic to cast this spell.
You closely miss Terence.
Terence is heavily wounded.
Terence misses you.
You hit Terence but do no damage.
Terence is heavily wounded.
A goblin comes into view. It is wielding a +0 dagger.
Terence hits you with a +0 mace.
* * * LOW HITPOINT WARNING * * *
As you read the scroll labelled ZIAXORPHIUMM, it crumbles to dust.
It is a scroll of identify.
h - a scroll of vulnerability Terence misses you.
Okay, then.
Okay, then.
It was a potion of mutation.
You feel extremely strange.
Your skin feels very cold.
Terence hits you with a +0 mace.
* * * LOW HITPOINT WARNING * * *
Terence is very cold.
Terence is severely wounded.
It was a potion of magic.
Magic courses through your body. Terence hits you with a +0 mace.
You die...

### .# ..#
... #.#
#.g#####.#
#......#.#
#...#.#
#..@@.#
#.<.###
#....!.#
[...#.###
### #. #.
#


You could see Terence and a goblin.

Vanquished Creatures
  3 endoplasms (D:1)
  2 giant cockroaches (D:1)
  A goblin (D:1)
  5 hobgoblins (D:1)
  4 jackals (D:1)
  A quokka (D:1)
  A bat (D:1)
  3 frilled lizards (D:1)
  3 rats (D:1)
23 creatures vanquished.

Notes
Turn   | Place    | Note
-------+----------+-------------------------------------------
     0 | D:1      | chopper the Human Cinder Acolyte began the quest for the
                  | Orb.
     0 | D:1      | Reached XP level 1. HP: 18/18 MP: 2/2
    36 | D:1      | Reached XP level 2. HP: 9/24 MP: 3/3
    41 | D:1      | Learned a level 2 spell: Scorch
   465 | D:1      | Got the Tome of Poison and Ignition
   634 | D:1      | Reached XP level 3. HP: 29/29 MP: 4/4
  1086 | D:2      | Noticed Terence
  1099 | D:2      | Gained mutation: A frigid envelope surrounds you and
                  | freezes all who hurt you. [potion of mutation]
  1100 | D:2      | Slain by Terence

Illustrated notes

Levels and vault maps discovered:
D:1:      minmay_arrival_split_and_join, layout_basic, chequers_avenue
D:2:      layout_loops_ring, serial_bayou_crossing, uniq_terence, uniq_robin

Action                   || total
-------------------------++-------
Melee: Hand axe          ||    50
 Cast: Scorch            ||     8
  Use: Potion            ||     2
       Scroll            ||     1
Armor: Robe              ||    12
       Scale mail        ||     1
Dodge: Dodged            ||    46

Table legend: (Time is in decaauts)
 A = Elapsed time spent in this place.
 B = Non-inter-level travel time spent in this place.
 C = Inter-level travel time spent in this place.
 D = Time resting spent in this place.
 E = Time spent auto-exploring this place.
 F = Levels seen in this place.
 G = Mean time per level.
                   A        B        C        D        E       F      G
               +--------+--------+--------+--------+--------+-----+--------+
         Total |   1106 |   1106 |      0 |    171 |      0 |   2 |  553.0 |
       Dungeon |   1106 |   1106 |      0 |    171 |      0 |   2 |  553.0 |
               +--------+--------+--------+--------+--------+-----+--------+

Top non-repeatable levels by time:
     D:1: 1092 daAuts
     D:2: 14 daAuts
